 Dungeon Crawl Stone Soup version 0.24.0-13-gcf9b3192b9 (console) character file.

Game seed: 17593751155799876413, levelgen mode: deterministic

372 AlterAsc the Changer (level 6, -3/38 HPs)
             Began as an Octopode Transmuter on Nov 8, 2019.
             Was a Believer of Elyvilon.
             Slain by a hound (6 damage)
             ... on level 4 of the Dungeon.
             The game lasted 00:14:09 (3901 turns).

AlterAsc the Changer (Octopode Transmuter)          Turns: 3901, Time: 00:14:09

Health: -3/38      AC:  2    Str: 11    XL:     6   Next: 71%
Magic:  8/11       EV: 20    Int: 15    God:    Elyvilon [**....]
Gold:   268        SH:  0    Dex: 18    Spells: 2/12 levels left

rFire    . . .     SeeInvis .     - Unarmed
rCold    . . .     Gourm    .   (shield currently unavailable)
rNeg     . . .     Faith    .   (helmet currently unavailable)
rPois    .         Spirit   .   (no amulet)
rElec    .         Reflect  .   g - ring of poison resistance
rCorr    .         Harm     .   (no ring)
MR       .....                  (no ring)
Stlth    ++........             (no ring)
HPRegen  0.12/turn              (no ring)
MPRegen  0.12/turn              (no ring)
                                (no ring)
                                (no ring)

@: spider-form
A: tiny, almost no armour, stealthy swim, (amphibious), 8 rings, (constrict 8)
a: End Transformation, Lesser Healing, Heal Other, Divine Protection, Renounce
Religion


You were on level 4 of the Dungeon.
You worshipped Elyvilon.
Elyvilon was pleased with you.
You were not hungry.
You were a venomous arachnid creature.
You visited 1 branch of the dungeon, and saw 5 of its levels.

You collected 268 gold pieces.

Inventory:

Missiles
 a - 25 arrows
Jewellery
 g - a ring of poison resistance (left front leg)
Wands
 p - a wand of disintegration (9)
Scrolls
 b - a scroll of amnesia {unknown}
 d - 4 scrolls of identify
 f - a scroll of enchant weapon {unknown}
 h - a scroll of teleportation
 i - a scroll of random uselessness {unknown}
 j - 3 scrolls of enchant armour
 l - a scroll of remove curse {unknown}
 m - a scroll of noise
 r - a scroll of fog {unknown}
Potions
 e - 2 potions of ambrosia
 n - a potion of cancellation {unknown}
 o - a potion of mutation {unknown}
 q - a potion of lignification {unknown}
Comestibles
 c - 4 rations
 k - 9 chunks of flesh


   Skills:
 - Level 1.0 Fighting
 - Level 2.0 Dodging
 - Level 3.0 Unarmed Combat
 + Level 3.9 Spellcasting
 * Level 5.7 Transmutations
 * Level 0.4 Ice Magic


You had 2 spell levels left.
You knew the following spells:

 Your Spells              Type           Power        Failure   Level  Hunger
a - Beastly Appendage     Tmut           ###...       8%          1    None
b - Sticks to Snakes      Tmut           ###.....     10%         2    ##.....
c - Spider Form           Tmut/Pois      ##........   36%         3    ###....
d - Ice Form              Ice/Tmut       ##......     67%         4    ####...

Your spell library contained the following spells:

 Spells                   Type           Power        Failure   Level  Hunger
 Blade Hands              Tmut           ###.......   65%         5    ######.


Dungeon Overview and Level Annotations

Branches:
Dungeon (5/15)
 Temple: D:4-7

Altars:
Elyvilon
Xom

Annotations:
D:5 exclusion: phantom


Innate Abilities, Weirdness & Mutations

You cannot wear most types of armour.
You are very stealthy in the water. (Stealth+)
((You are amphibious.))
You can wear up to eight rings at the same time.
((You can use your tentacles to constrict eight enemies at once.))
((Your skin changes colour to match your surroundings (Stealth+).))
((Your rubbery body absorbs attacks. (AC +1, EV +1)))


Message History

You are too injured to fight recklessly!
You hit the hound.
The hound is moderately wounded.
The hound bites you.
* * * LOW HITPOINT WARNING * * *
You barely miss the hound.
The hound is moderately wounded.
The hound misses you.
You hit the hound but do no damage.
The hound is poisoned.
The hound is moderately wounded.
The hound bites you.
* * * LOW HITPOINT WARNING * * *
The hound bites you but does no damage.
You hit the hound but do no damage.
The hound is moderately wounded.
The hound barely misses you.
You hit the hound.
The hound looks as sick as possible!
The hound is severely wounded.
The hound bites you.
You die...

##..........................#
#...........................##
#........<....>..............#
#.............................
##.........................##..
###..........................####
#............................# #
...................<.........# #
###...........[.s............# #
#...............h...........# #
#..........................## #
#..........................# #
#..........................# #
##.........................# #
##........................# ##
#.......................#####.
###.......................##..


You could see a hound.

Vanquished Creatures
  A hound (D:4)
  An orc wizard (D:5)
  A centaur skeleton (D:5)
  Ijyb (D:4)
  3 worker ants (D:4)
  2 gnolls (D:2)
  5 adders
  An ooze (D:4)
  A worm (D:2)
  A dart slug (D:3)
  2 leopard geckos
  5 orcs
  6 giant cockroaches
  8 goblins
  11 hobgoblins
  2 quokkas
  A ball python (D:1)
  8 bats
  3 frilled lizards
  A jackal skeleton (D:4)
  5 kobolds
  A quokka zombie (D:5)
  9 rats
79 creatures vanquished.

Vanquished Creatures (collateral kills)
  A scorpion (D:4)
  A gnoll (D:2)
2 creatures vanquished.

Grand Total: 81 creatures vanquished

Notes
Turn   | Place    | Note
-------+----------+-------------------------------------------
     0 | D:1      | AlterAsc the Octopode Transmuter began the quest for the
                  | Orb.
     0 | D:1      | Reached XP level 1. HP: 13/13 MP: 3/3
   124 | D:1      | Reached XP level 2. HP: 9/18 MP: 5/5
   144 | D:1      | Learned a level 2 spell: Sticks to Snakes
   733 | D:1      | Reached skill level 3 in Transmutations
   763 | D:1      | Reached XP level 3. HP: 21/23 MP: 4/6
   774 | D:1      | Learned a level 3 spell: Spider Form
  1054 | D:2      | Found a faded altar of an unknown god.
  1524 | D:2      | Reached XP level 4. HP: 22/28 MP: 3/8
  1742 | D:3      | Found a white marble altar of Elyvilon.
  1750 | D:3      | Became a worshipper of Elyvilon the Healer
  1926 | D:3      | Reached skill level 4 in Transmutations
  2009 | D:3      | Reached XP level 5. HP: 30/33 MP: 9/9
  2016 | D:3      | Found a shimmering altar of Xom.
  2607 | D:4      | Learned a level 4 spell: Ice Form
  2719 | D:4      | Reached * piety under Elyvilon
  2852 | D:4      | Reached skill level 5 in Transmutations
  2909 | D:4      | Reached XP level 6. HP: 24/38 MP: 11/11
  3087 | D:4      | Noticed Ijyb
  3100 | D:4      | Killed Ijyb
  3732 | D:5      | Entered Level 5 of the Dungeon
  3735 | D:5      | Noticed a phantom
  3739 | D:5      | Reached ** piety under Elyvilon
  3901 | D:4      | Slain by a hound

Levels and vault maps discovered:
D:1:      minmay_arrival_arboretum_small, layout_basic, grunt_decor_fettered,
          minmay_indecisive_spiral
D:2:      layout_rooms, first_ration, chequers_ecumenical_altar_island
D:3:      layout_rooms, xom_butterflies, elyvilon_altar_4
D:4:      layout_layer_cave, uniq_ijyb
D:5:      layout_basic, nicolae_overflow_hidden_temple,
          minmay_temple_entry_slanted, serial_undead, serial_undead_e,
          serial_undead_f, serial_undead_f, serial_undead_e

Skill      XL: |  1  2  3  4  5 |
---------------+----------------+-----
Transmutations | 3 4 5 |  5.7
Spellcasting   | 3 |  3.9
Fighting       | |  1.0
Dodging        | |  2.0
Unarmed Combat | |  3.0
Ice Magic      | |  0.4

Action                   |  1- 3 |  4- 6 || total
-------------------------+-------+-------++-------
Melee: Unarmed           |    78 |   134 ||   212
       Constrict         |    21 |    14 ||    35
       Kick              |    13 |    12 ||    25
       Punch             |     2 |       ||     2
       Tentacles         |     7 |    13 ||    20
 Cast: Beastly Appendage |    21 |     8 ||    29
       Sticks to Snakes  |     2 |     7 ||     9
       Spider Form       |       |    10 ||    10
 Abil: End Transformatio |       |     1 ||     1
  Use: Scroll            |       |     4 ||     4
 Stab: Sleeping          |     4 |     3 ||     7
       Distracted        |       |     1 ||     1
  Eat: Chunk             |     2 |     7 ||     9
       Ration            |       |     1 ||     1
Armor: Skin              |    12 |     7 ||    19
Dodge: Dodged            |    61 |    96 ||   157
